AoeStats
← Drysoup

Arabia

508623135Analyzed
1v1 RM · 8d ago on Sep 23, 2026· 48m 10s· 2 players
Game mode
Random Map
Map size
Tiny (2 player)
Population
200
Speed
Normal
Resources
Standard
Victory
Conquest
Starting age
Dark Age
Ending age
Imperial Age
RankedLock teamsTeams togetherTeam positionsShared explorationLock speedFull tech treeHidden civsTurbo modeCheats
Victory
Defeat
🇦🇺 Franks · Australia
1327
+14
🇬🇧 Saxons · United Kingdom
1284
-14
Drysoup
6:12 Loom
9:16 Feudal Age
10:03 Double-Bit Axe
25:01 Castle Age
24:09 Scale Barding Armor
24:45 Forging
25:27 Wheelbarrow
33:02 Husbandry
33:34 Bow Saw
35:27 Chain Barding Armor
39:10 Imperial Age
37:05 Gold Mining
37:52 Iron Casting
38:30 Hand Cart
40:08 Gold Shaft Mining
39:52 Cavalier
42:19 Plate Barding Armor
44:59 Paladin
47:51 Blast Furnace
ButtStuff
7:02 Loom
9:07 Feudal Age
9:24 Man-at-Arms
9:59 Arson
17:01 Double-Bit Axe
23:30 Castle Age
21:36 Horse Collar
22:20 Fletching
23:57 Gold Mining
25:34 Wheelbarrow
24:45 Town Watch
25:24 Bow Saw
27:48 Bodkin Arrow
31:09 Crossbowman
35:06 Ballistics
37:55 Padded Archer Armor
41:53 Imperial Age
39:47 Gambesons
39:23 Long Swordsman
40:03 Squires
41:49 Forging
41:40 Scale Mail Armor
42:06 Heavy Plow
42:51 Bracer
43:35 Two-Handed Swordsman
43:37 Arbalester
45:21 Thumb Ring
46:39 Masonry
46:35 Siege Engineers
Connection lost

Rejoining the realm…

Still unreachable

The connection could not be restored.

Session expired

The server has moved on; the page needs a fresh start.